 Dungeon Crawl Stone Soup version 0.20-a0-1116-gaa52201 (webtiles) character file.

287 MydosGodOfBeginnings the Cudgeler (level 6, 0/47 HPs)
             Began as a Demonspawn Fighter on May 8, 2017.
             Was an Initiate of Dithmenos.
             Slain by a scorpion (3 damage)
             ... on level 4 of the Dungeon.
             The game lasted 00:07:49 (3643 turns).

MydosGodOfBeginnings the Cudgeler (DsFi)            Turns: 3643, Time: 00:07:50

Health: 0/47       AC:  6    Str: 14 (16) XL:     6   Next: 8%
Magic:  6/6        EV:  6    Int: 10 (11) God:    Dithmenos [......]
Gold:   293        SH:  8    Dex: 10 (13) Spells: 5/5 levels left

rFire    + . .     SeeInvis .   a - +0 flail
rCold    . . .     Gourm    +   c - +0 shield
rNeg     . . .     Faith    .   b - +0 scale mail
rPois    .         Spirit   .   (helmet restricted)
rElec    .         Reflect  .   (no cloak)
rCorr    .         Harm     .   (no gloves)
MR       .....                  (no boots)
Stlth    ..........             n - amulet of the gourmand
Regen    0.2/turn               (no ring)
MPRegen  0.1/turn               (no ring)

@: no status effects
A: antennae 1, fire resistance 1, powered by pain 1
a: Renounce Religion


You were on level 4 of the Dungeon.
You worshipped Dithmenos.
Dithmenos was noncommittal.
You were not hungry.

You visited 1 branch of the dungeon, and saw 4 of its levels.

You collected 293 gold pieces.

Inventory:

Hand Weapons
 a - a +0 flail (weapon)
Armour
 b - a +0 scale mail (worn)
 c - a +0 shield (worn)
Jewellery
 n - an amulet of the gourmand (around neck)
Scrolls
 e - 5 scrolls of recharging {unknown}
 h - 3 scrolls of identify {unknown}
 i - 2 scrolls of teleportation {unknown}
 k - 3 scrolls of enchant armour {unknown}
 m - 3 scrolls of amnesia {unknown}
 o - a scroll of random uselessness {unknown}
 q - a scroll of remove curse {unknown}
Potions
 d - a potion of might
 g - a potion of degeneration
 l - a potion of mutation {unknown}
 p - 2 potions of heal wounds {unknown}
 r - a potion of haste {unknown}
Comestibles
 f - 4 bread rations


   Skills:
 - Level 3.0 Fighting
 + Level 5.9 Maces & Flails
 - Level 2.6 Armour
 - Level 2.6 Shields


You had 5 spell levels left.
You didn't know any spells.

Dungeon Overview and Level Annotations

Branches:
Dungeon (4/15)
 Temple: D:4-7

Altars:
Dithmenos
Gozag
Hepliaklqana
Trog


Innate Abilities, Weirdness & Mutations

You have a pair of small antennae on your head.
Your flesh is heat resistant. (rF+)
You sometimes gain a little power by taking damage.


Message History

The scorpion stings you.
* * * LOW HITPOINT WARNING * * *
You barely miss the scorpion.
The scorpion is almost dead.
You block the scorpion's attack.
You closely miss the scorpion.
The scorpion is almost dead.
You block the scorpion's attack.
The scorpion stings you but does no damage.
Your shield and scale mail prevent you from hitting the scorpion.
The scorpion is almost dead.
The scorpion closely misses you.
You barely miss the scorpion.
The scorpion is almost dead.
The scorpion stings you.
* * * LOW HITPOINT WARNING * * *
You hit the scorpion.
The scorpion is almost dead.
The scorpion stings you.
You die...

#..####..........<.......#.
#.########.................
#.. #...#
###...........#### ...#
.....# ##.........## .#.#
......# ##......### ..
.......###..#...##
....$...#..###.##
..........## ###
.......@..# ......s..##
.........# .........#
.........# ........##
........# ........#


You could see a scorpion.

Vanquished Creatures
  A sky beast (D:4)
  2 orc priests
  An iguana (D:4)
  5 adders
  2 oozes
  3 dart slugs
  2 leopard geckos (D:3)
  2 orcs (D:3)
  3 ball pythons
  A giant cockroach (D:1)
  7 goblins
  7 hobgoblins
  2 jackals (D:2)
  5 kobolds
  6 bats
  4 frilled lizards
  7 rats
  2 fungi (D:1)
62 creatures vanquished.

Notes
Turn   | Place    | Note
-------+----------+-------------------------------------------
     0 | D:1      | MydosGodOfBeginnings the Demonspawn Fighter began the quest for the Orb.
     0 | D:1      | Reached XP level 1. HP: 18/18 MP: 1/1
    54 | D:1      | Reached skill level 2 in Maces & Flails
   396 | D:1      | Gained mutation: You sometimes gain a little power by taking damage. [demonic ancestry]
   396 | D:1      | Reached XP level 2. HP: 24/24 MP: 2/2
  1032 | D:2      | Reached skill level 3 in Maces & Flails
  1036 | D:2      | Reached XP level 3. HP: 24/29 MP: 3/3
  1183 | D:2      | Found a hazy altar of Hepliaklqana.
  1480 | D:2      | Found an opulent altar of Gozag.
  1924 | D:3      | Found a shadowy altar of Dithmenos.
  1932 | D:3      | Became a worshipper of Dithmenos the Shadowed
  1949 | D:3      | Reached XP level 4. HP: 23/35 MP: 4/4
  2088 | D:3      | Reached skill level 4 in Maces & Flails
  2697 | D:3      | Gained mutation: Your flesh is heat resistant. (rF+) [demonic ancestry]
  2697 | D:3      | Reached XP level 5. HP: 25/41 MP: 5/5
  2959 | D:3      | Reached skill level 5 in Maces & Flails
  3043 | D:3      | Found a bloodstained altar of Trog.
  3219 | D:4      | Noticed a sky beast
  3259 | D:4      | Killed a sky beast
  3259 | D:4      | Gained mutation: You have a pair of small antennae on your head. [demonic ancestry]
  3259 | D:4      | Reached XP level 6. HP: 12/47 MP: 6/6
  3643 | D:4      | Slain by a scorpion

Vault maps used:
D:1:      minmay_arrival_floating_metal, minmay_gold_behind_fungi,
          nrook_mini_backslash
D:2:      nicolae_overflow_crystal_walls, grunt_gozag_breadcrumbs,
          minmay_door_square
D:3:      overflow_temple_1_default, lemuel_doored_altar
D:4:      first_bread, serial_bayou_pond_d, kennysheep_generic_room_14

Skill      XL: |  1  2  3  4  5 |
---------------+----------------+-----
Maces & Flails | 2 3 4 5 |  5.9
Fighting       | |  3.0
Armour         | |  2.6
Shields        | |  2.6

Action                   |  1- 3 |  4- 6 || total
-------------------------+-------+-------++-------
Melee: Flail             |   150 |   117 ||   267
  Use: Potion            |       |     3 ||     3
  Eat: Chunk             |     3 |    11 ||    14
Armor: Scale mail        |    80 |    44 ||   124
Dodge: Dodged            |    43 |    25 ||    68
Block: Shield            |    68 |    65 ||   133
